 Dungeon Sprint DCSS version 0.30.1-11-g7821555f0a (webtiles) character file.

Game seed: 8160332730714150

12600000 Groucho the Intangible (level 27, -12/174 HPs)
             Began as a Spriggan Wanderer on Jan 4, 2024.
             Was the Champion of Makhleb.
             Killed from afar by a dread (36 damage)
             ... with damnation
             ... in the Dungeon (Sprint VIII: "Arena of Blood").
             The game lasted 00:09:02 (126 turns).

Groucho the Intangible (Spriggan Wanderer)           Turns: 126, Time: 00:09:03

Health: -12/174    AC:  6    Str:  8    XL:     27
Magic:  39/55      EV: 49    Int: 17    God:    Makhleb [******]
Gold:   0          SH:  0    Dex: 25    Spells: 79/80 levels left

rFire   . . .        k - +โˆž Axe of Woe
rCold   . . .        (shield currently unavailable)
rNeg    . . .        d - +0 robe
rPois   .            (helmet restricted)
rElec   .            b - +0 cloak
rCorr   .            (gloves unavailable)
SInv    +            (boots unavailable)
Will    ++++.        (no amulet)
Stlth   ++++++++++   l - +30 ring of slaying
HPRegen 0.49/turn    (no ring)
MPRegen 0.34/turn

%: no teleportation
@: lethally poisoned (-12 -> -19), hasted, very quick
A: very small, no large weapons, unfitting armour, see invisible, speed 3
a: Renounce Religion, Minor Destruction, Lesser Servant of Makhleb, Major
Destruction, Greater Servant of Makhleb


You were in the Dungeon.
You worshipped Makhleb.
Makhleb was exalted by your worship.
You visited 1 branch

Inventory:

Hand Weapons
 a - a +2 hand axe
 k - the +โˆž Axe of Woe (weapon)
   (You found it in the Dungeon)
Armour
 b - a +0 cloak (worn)
 d - a +0 robe (worn)
Jewellery
 l - a +30 ring of slaying (left hand)
Scrolls
 j - a scroll of blinking
Potions
 c - a potion of might
 h - 2 potions of magic
 i - a potion of berserk rage


   Skills:
 O Level 27 Fighting
 O Level 27 Short Blades
 O Level 27 Long Blades
 O Level 27 Axes
 O Level 27 Maces & Flails
 O Level 27 Polearms
 O Level 27 Staves
 O Level 27 Ranged Weapons
 O Level 27 Throwing
 O Level 27 Armour
 O Level 27 Dodging
 O Level 27 Stealth
 O Level 27 Shields
 O Level 27 Unarmed Combat
 O Level 27 Spellcasting
 O Level 27 Conjurations
 O Level 27 Hexes
 O Level 27 Summonings
 O Level 27 Necromancy
 O Level 27 Translocations
 O Level 27 Transmutations
 O Level 27 Fire Magic
 O Level 27 Ice Magic
 O Level 27 Air Magic
 O Level 27 Earth Magic
 O Level 27 Poison Magic
 O Level 27 Invocations
 O Level 27 Evocations


You had 79 spell levels left.
You knew the following spells:

 Your Spells              Type           Power      Damage    Failure   Level
a - Slow                  Hex            100%       N/A       0%          1

Your spell library contained the following spells:

 Spells                   Type           Power      Damage    Failure   Level
 Dazzling Flash           Conj/Hex       100%       N/A       0%          3


Dungeon Overview and Level Annotations

Branches:
Dungeon (1/1)

Altars:
Makhleb


Innate Abilities, Weirdness & Mutations

You are very small and have problems with some larger weapons.
You are too small for most types of armour.
You have supernaturally acute eyesight. (SInv)
You cover ground extremely quickly. (Speed+++)


Message History

The tyrant mumbles some strange words.
You hear a shout! x2
The eight-headed meat hydra calls on the powers of darkness!
The eight-headed meat hydra convulses!
The scourge convulses!
The bag of meat convulses!
The eight-headed meat hydra convulses!
The meat berserker convulses!
Your body is wracked with pain!
* * * LOW HITPOINT WARNING * * *
The bag of meat convulses!
The fleshlord convulses!
The scourge convulses!
The bag of meat convulses!
The meat berserker convulses!
Your green death hits the bag of meat!!
The bag of meat dies!
Makhleb accepts your kill.
A fleshlord comes into view. It is wielding a +9 great mace.
You hear a shout! x2
The tyrant touches your green death.
You hear a shout!
Unknown command.
You slice the scourge!!
You dissect the scourge like a pig carcass.
You blow up the scourge!
Makhleb accepts your kill.
You feel better.
You slice the scourge!! You chop the scourge into pieces.
You kill the scourge!
Makhleb accepts your kill.
You feel better.
You feel sick.
You hear a shout! x8
The eight-headed meat hydra calls on the powers of darkness!
The eight-headed meat hydra convulses!
The meat berserker convulses!
The bag of meat convulses!
The eight-headed meat hydra convulses!
Your body is wracked with pain!
* * * LOW HITPOINT WARNING * * *
The bag of meat convulses! x2; The meat berserker convulses!
The accursed gestures at you while chanting.
Something smites you!
* * * LOW HITPOINT WARNING * * *
You hear a shout!
Your green death hits the tyrant!!
The dread throws damnation at you.
The sphere of damnation explodes!
The damnation engulfs you!!!
You die...

..V. .p.......
#L.. ...# . #.O.
...# . ..###.O.
...###..
.Lo..oX###....W.
.....L.._...z..
#2))))# .
#_ยง@)_# ..M
...#).))2#.....
..X.D.._)M)..o...
OD.2LX###).......
.o###...
.p.###... . #...
...# .. #.......#
......... .S
.......


You could see an accursed (ally target), a tentacled monstrosity (summoned), a
meat beast (fast), 4 tyrants, 2 eight-headed meat hydras, 2 fleshlords, a
sculptor of flesh, 2 large abominations, a dread, 3 meat berserkers, 3 bags of
meat and 2 friendly green deaths.

Vanquished Creatures
  11 hell beasts (D)
  3 royal mummies (D)
  3 great orbs of eyes (D)
  A wraith (D)
  9 vampire knights (D)
  30 ogres (D)
  10 two-headed ogres (D)
  3 liches (D)
  A hydra (D)
  4 phantoms (D)
  40 orcs (D)
  7 skeletal warriors (D)
  2 sea snakes (D)
124 creatures vanquished.

Vanquished Creatures (collateral kills)
  An orc (D)
1 creature vanquished.

Grand Total: 125 creatures vanquished

Notes
Turn   | Place    | Note
-------+----------+-------------------------------------------
     0 | D        | Found the +โˆž Axe of Woe
     0 | D        | Groucho the Spriggan Wanderer began the quest for the Orb.
     0 | D        | Groucho set off with the following items: a +2 hand axe, a
                  | +0 cloak, a potion of might, a +0 robe, a potion of curing,
                  | a potion of heal wounds, a potion of haste, 2 potions of
                  | magic, a potion of berserk rage, a scroll of blinking; and
                  | the following spell memorised: Slow; and the following
                  | spells available to memorise: Dazzling Flash.
     0 | D        | Reached XP level 1. HP: 10/10 MP: 3/3
     2 | D        | Noticed a meat berserker
     4 | D        | Became a worshipper of Makhleb the Destroyer
     5 | D        | Noticed a bag of meat
     7 | D        | Killed a meat berserker
     8 | D        | Reached XP level 2. HP: 14/14 MP: 5/5
     8 | D        | Reached XP level 3. HP: 18/18 MP: 6/6
     8 | D        | Reached XP level 4. HP: 22/22 MP: 7/7
     8 | D        | Reached XP level 5. HP: 25/25 MP: 8/8
     8 | D        | Reached XP level 6. HP: 30/30 MP: 9/9
     8 | D        | Reached XP level 7. HP: 33/33 MP: 10/10
     8 | D        | Reached XP level 8. HP: 37/37 MP: 11/11
     8 | D        | Reached XP level 9. HP: 41/41 MP: 12/12
     8 | D        | Reached XP level 10. HP: 45/45 MP: 13/13
     8 | D        | Reached XP level 11. HP: 49/49 MP: 14/14
     8 | D        | Noticed a meat berserker
     8 | D        | Noticed a bag of meat
     9 | D        | Noticed a bag of meat
    10 | D        | Killed a bag of meat
    10 | D        | Reached * piety under Makhleb
    10 | D        | Noticed a bag of meat
    10 | D        | Noticed a bag of meat
    11 | D        | Reached skill level 27 in Dodging
    11 | D        | Reached XP level 12. HP: 53/53 MP: 15/15
    11 | D        | Noticed a meat berserker
    11 | D        | Noticed a bag of meat
    11 | D        | Noticed a bag of meat
    11 | D        | Noticed a bag of meat
    13 | D        | Killed a bag of meat
    13 | D        | Noticed a meat berserker
    14 | D        | Reached XP level 13. HP: 56/56 MP: 16/16
    14 | D        | Noticed a meat berserker
    15 | D        | Killed a meat berserker
    15 | D        | Noticed a bag of meat
    16 | D        | Noticed a meat berserker
    16 | D        | Noticed a bag of meat
    17 | D        | Killed a meat berserker
    17 | D        | Reached ** piety under Makhleb
    17 | D        | Killed a bag of meat
    17 | D        | Noticed a bag of meat
    18 | D        | Reached skill level 27 in Axes
    18 | D        | Reached XP level 14. HP: 72/72 MP: 16/21
    18 | D        | Killed a meat berserker
    18 | D        | Killed a meat berserker
    18 | D        | Reached *** piety under Makhleb
    19 | D        | Reached skill level 15 in Invocations
    19 | D        | Reached XP level 15. HP: 86/86 MP: 16/27
    19 | D        | Noticed a large bag of meat
    19 | D        | Noticed a destroyer
    19 | D        | Killed a meat berserker
    19 | D        | Reached **** piety under Makhleb
    20 | D        | Reached skill level 27 in Stealth
    20 | D        | Reached XP level 16. HP: 98/98 MP: 16/30
    20 | D        | Noticed a large bag of meat
    20 | D        | Noticed a meat berserker
    22 | D        | Killed a large bag of meat
    24 | D        | Noticed a large bag of meat
    25 | D        | Reached ***** piety under Makhleb
    26 | D        | Reached XP level 17. HP: 82/112 MP: 17/34
    26 | D        | Killed a destroyer
    27 | D        | Reached skill level 27 in Invocations
    27 | D        | Killed a large bag of meat
    27 | D        | Killed a meat berserker
    28 | D        | Reached skill level 27 in Fighting
    28 | D        | Noticed a destroyer
    29 | D        | Reached skill level 15 in Armour
    29 | D        | Reached XP level 18. HP: 93/127 MP: 17/36
    29 | D        | Killed a large bag of meat
    30 | D        | Reached ****** piety under Makhleb
    31 | D        | Noticed a large bag of meat
    35 | D        | Killed a destroyer
    35 | D        | Killed a large bag of meat
    35 | D        | Noticed a sculptor of flesh
    36 | D        | Reached skill level 27 in Armour
    36 | D        | Reached XP level 19. HP: 90/132 MP: 19/41
    37 | D        | Noticed a meat berserker
    37 | D        | Noticed a meat berserker
    39 | D        | Noticed a destroyer
    39 | D        | Noticed a large bag of meat
    42 | D        | Killed a meat berserker
    43 | D        | Reached skill level 27 in Spellcasting
    43 | D        | Reached skill level 1 in Maces & Flails
    43 | D        | Reached skill level 1 in Shields
    43 | D        | Noticed a destroyer
    45 | D        | Reached skill level 5 in Translocations
    45 | D        | Killed a meat berserker
    45 | D        | Noticed a large bag of meat
    46 | D        | Reached skill level 5 in Short Blades
    46 | D        | Reached skill level 5 in Hexes
    46 | D        | Reached XP level 20. HP: 137/137 MP: 21/52
    46 | D        | Killed a destroyer
    46 | D        | Noticed a meat berserker
    47 | D        | Reached skill level 5 in Long Blades
    47 | D        | Reached skill level 5 in Unarmed Combat
    47 | D        | Reached skill level 5 in Conjurations
    47 | D        | Reached skill level 5 in Summonings
    47 | D        | Reached skill level 5 in Necromancy
    47 | D        | Reached skill level 5 in Fire Magic
    47 | D        | Reached skill level 5 in Ice Magic
    47 | D        | Reached skill level 5 in Air Magic
    47 | D        | Killed a destroyer
    48 | D        | Reached skill level 5 in Maces & Flails
    48 | D        | Reached skill level 5 in Polearms
    48 | D        | Reached skill level 5 in Staves
    48 | D        | Reached skill level 5 in Shields
    48 | D        | Reached skill level 10 in Translocations
    48 | D        | Reached skill level 10 in Transmutations
    48 | D        | Reached skill level 10 in Evocations
    48 | D        | Noticed a meat berserker
    49 | D        | Noticed a large bag of meat
    50 | D        | Noticed an accursed
    50 | D        | Noticed a meat berserker
    50 | D        | Noticed a meat berserker
    50 | D        | Noticed a large bag of meat
    51 | D        | Reached skill level 10 in Hexes
    51 | D        | Killed a large bag of meat
    52 | D        | Noticed a meat berserker
    53 | D        | Reached skill level 10 in Short Blades
    53 | D        | Reached XP level 21. HP: 115/142 MP: 23/53
    53 | D        | Noticed a destroyer
    54 | D        | Noticed a destroyer
    54 | D        | Noticed a destroyer
    54 | D        | Noticed an accursed
    55 | D        | Reached skill level 10 in Ranged Weapons
    55 | D        | Reached skill level 10 in Throwing
    55 | D        | Reached skill level 10 in Poison Magic
    56 | D        | Noticed a large bag of meat
    57 | D        | Reached skill level 10 in Necromancy
    57 | D        | Reached skill level 15 in Translocations
    57 | D        | Reached skill level 10 in Air Magic
    57 | D        | Reached skill level 10 in Earth Magic
    57 | D        | Killed a large bag of meat
    58 | D        | Reached skill level 10 in Maces & Flails
    58 | D        | Reached skill level 10 in Polearms
    58 | D        | Reached skill level 10 in Staves
    58 | D        | Reached skill level 10 in Shields
    58 | D        | Reached skill level 10 in Conjurations
    58 | D        | Reached skill level 15 in Hexes
    58 | D        | Reached XP level 22. HP: 94/148 MP: 24/54
    59 | D        | Killed a destroyer
    60 | D        | Reached skill level 15 in Short Blades
    61 | D        | Killed a destroyer
    62 | D        | Noticed an accursed
    62 | D        | Noticed a tyrant
    64 | D        | Killed a large bag of meat
    64 | D        | Killed a large bag of meat
    64 | D        | Noticed a large bag of meat
    65 | D        | Reached skill level 15 in Ranged Weapons
    65 | D        | Reached skill level 15 in Throwing
    65 | D        | Reached skill level 15 in Poison Magic
    65 | D        | Reached XP level 23. HP: 51/153 MP: 26/55
    65 | D        | Killed a destroyer
    66 | D        | Reached skill level 15 in Earth Magic
    66 | D        | Noticed a meat beast
    66 | D        | Noticed a destroyer
    67 | D        | Reached skill level 15 in Necromancy
    67 | D        | Reached skill level 15 in Air Magic
    69 | D        | Killed a large bag of meat
    69 | D        | Killed a meat beast
    69 | D        | Killed an accursed
    70 | D        | Reached skill level 15 in Maces & Flails
    70 | D        | Reached skill level 15 in Polearms
    70 | D        | Reached skill level 15 in Staves
    70 | D        | Reached skill level 15 in Shields
    70 | D        | Reached skill level 15 in Conjurations
    70 | D        | Reached XP level 24. HP: 122/158 MP: 27/55
    71 | D        | Noticed a meat beast
    72 | D        | Reached XP level 25. HP: 71/163 MP: 28/55
    74 | D        | Killed a tyrant
    74 | D        | Killed a meat beast
    75 | D        | Reached skill level 27 in Translocations
    75 | D        | Killed a large bag of meat
    75 | D        | Noticed a destroyer
    76 | D        | Killed a destroyer
    76 | D        | Noticed a tyrant
    77 | D        | Reached skill level 27 in Evocations
    77 | D        | Reached XP level 26. HP: 94/169 MP: 30/55
    78 | D        | Reached skill level 27 in Transmutations
    78 | D        | Killed an accursed
    78 | D        | Noticed a meat beast
    78 | D        | HP: 7/156 [meat berserker/+9 battleaxe (81)]
    80 | D        | Noticed a meat beast
    80 | D        | Noticed a meat beast
    81 | D        | Killed a meat beast
    81 | D        | Killed a tyrant
    82 | D        | Reached skill level 27 in Hexes
    82 | D        | Reached XP level 27. HP: 144/174 MP: 31/55
    82 | D        | Noticed a meat beast
    82 | D        | Noticed a meat beast
    83 | D        | Killed a meat beast
    83 | D        | Killed a meat beast
    84 | D        | Reached skill level 27 in Short Blades
    84 | D        | Killed a meat beast
    85 | D        | Noticed a meat beast
    86 | D        | Reached skill level 27 in Ranged Weapons
    86 | D        | Reached skill level 27 in Throwing
    86 | D        | Reached skill level 27 in Poison Magic
    86 | D        | Killed a meat beast
    91 | D        | Killed a meat beast
    92 | D        | Reached skill level 27 in Necromancy
    92 | D        | Reached skill level 27 in Air Magic
    92 | D        | Reached skill level 27 in Earth Magic
    93 | D        | Killed a destroyer
    95 | D        | Noticed a tyrant
    97 | D        | Noticed a tyrant
    98 | D        | Noticed an accursed
   100 | D        | Killed an accursed
   102 | D        | Noticed an accursed
   105 | D        | Noticed a meat beast
   107 | D        | Noticed a dread
   111 | D        | Reached skill level 27 in Unarmed Combat
   111 | D        | Reached skill level 27 in Fire Magic
   111 | D        | Reached skill level 27 in Ice Magic
   112 | D        | Noticed a meat beast
   113 | D        | Reached skill level 27 in Long Blades
   113 | D        | Reached skill level 27 in Summonings
   113 | D        | Noticed a meat beast
   113 | D        | Killed a tyrant
   113 | D        | Noticed a tyrant
   114 | D        | Killed a meat beast
   115 | D        | Reached skill level 27 in Maces & Flails
   115 | D        | Reached skill level 27 in Polearms
   115 | D        | Reached skill level 27 in Staves
   115 | D        | Reached skill level 27 in Shields
   115 | D        | Reached skill level 27 in Conjurations
   119 | D        | Killed a meat beast
   119 | D        | Noticed a meat beast
   119 | D        | Noticed a destroyer
   121 | D        | Killed a dread
   121 | D        | Killed a meat beast
   122 | D        | Noticed a dread
   123 | D        | Noticed a tyrant
   124 | D        | Noticed a tyrant
   124 | D        | Noticed a fleshlord
   125 | D        | Noticed a fleshlord
   126 | D        | Killed from afar by a dread

Illustrated notes

Levels and vault maps discovered:
D:        meatsprint

Skill      XL: |  1  2  3  4  5  6  7  8  9 10 11 12 13 14 15 16 17 18 19 20 21 22 23 24 25 26 27 |
---------------+----------------------------------------------------------------------------------+-----
Axes           | 17 20 22 27 | 27.0
Dodging        | 26 27 | 27.0
Fighting       | 7 13 16 22 27 | 27.0
Stealth        | 14 22 27 | 27.0
Invocations    | 9 15 19 25 27 | 27.0
Armour         | 15 27 | 27.0
Spellcasting   | 17 27 | 27.0
Short Blades   | 5 10 14 17 20 21 23 25 27 | 27.0
Long Blades    | 3 7 11 13 16 18 20 27 | 27.0
Maces & Flails | 3 7 10 12 15 16 18 27 | 27.0
Polearms       | 3 7 10 12 15 17 19 27 | 27.0
Staves         | 3 7 10 12 15 17 19 27 | 27.0
Ranged Weapons | 4 9 13 15 19 21 23 27 | 27.0
Throwing       | 4 9 13 15 19 21 23 27 | 27.0
Shields        | 3 7 10 12 15 17 19 27 | 27.0
Unarmed Combat | 4 7 11 13 16 18 20 27 | 27.0
Conjurations   | 3 7 10 12 15 17 19 27 | 27.0
Hexes          | 5 11 15 18 22 25 27 | 27.0
Summonings     | 3 7 11 13 16 18 20 27 | 27.0
Necromancy     | 4 8 12 14 17 19 22 27 | 27.0
Translocations | 6 13 18 21 26 27 | 27.0
Transmutations | 6 12 16 19 24 26 27 | 27.0
Fire Magic     | 3 7 11 13 16 18 20 27 | 27.0
Ice Magic      | 4 7 11 13 16 18 20 27 | 27.0
Air Magic      | 4 8 12 14 17 18 19 22 27 | 27.0
Earth Magic    | 4 8 12 14 17 18 20 22 27 | 27.0
Poison Magic   | 4 9 13 15 19 21 23 27 | 27.0
Evocations     | 6 12 17 20 24 27 | 27.0

Action                     |  1- 3 |  4- 6 |  7- 9 | 10-12 | 13-15 | 16-18 | 19-21 | 22-24 | 25-27 || total
---------------------------+-------+-------+-------+-------+-------+-------+-------+-------+-------++-------
  Melee: Broad axe         |     1 |       |       |     2 |     4 |    11 |    15 |    10 |    36 ||    79
 Invoke: Greater Servant o |       |       |       |       |       |     1 |     3 |     3 |     2 ||     9
         Major Destruction |       |       |       |       |       |       |       |       |     1 ||     1
    Use: Potion            |       |       |       |       |       |     1 |       |       |     2 ||     3
  Dodge: Dodged            |       |       |       |       |       |       |       |       |    15 ||    15
